 Dungeon Crawl Stone Soup version 0.31-a0-819-gf6de2f5ab6 (webtiles) character file.

Game seed: 14597908669633880906

394 qw the Shooter (level 6, -17/39 HPs)
             Began as a Gargoyle Hunter on Sept 23, 2023.
             Demolished by an ogre
             ... wielding a +0 giant club
              (21 damage)
             ... on level 5 of the Dungeon.
             The game lasted 00:01:06 (2697 turns).

qw the Shooter (Gargoyle Hunter)                    Turns: 2697, Time: 00:01:06

Health: -17/39     AC:  7    Str: 15    XL:     6   Next: 81%
Magic:  0/6        EV: 11    Int:  9    God:
Gold:   123        SH:  0    Dex: 15    Spells: 5/5 levels left

rFire   . . .        Y - +0 shortbow
rCold   . . .        (shield currently unavailable)
rNeg    + + .        j - +0 troll leather armour
rPois   inf          (no helmet)
rElec   +            (no cloak)
rCorr   .            (no gloves)
SInv    .            (no boots)
Will    .....        b - amulet of guardian spirit
Stlth   ++           a - ring of positive energy
HPRegen 1.06/turn    (no ring)
MPRegen 0.10/turn

%: guardian spirit
@: no status effects
A: sickness immunity, AC +4, negative energy resistance 1, electricity
resistance, torment resistance 1, petrification resistance
a: no special abilities


You were on level 5 of the Dungeon.
You visited 1 branch of the dungeon, and saw 7 of its levels.

You collected 123 gold pieces.


Innate Abilities, Weirdness & Mutations

You are immune to sickness and miasma.
Your stone body is resilient. (AC +4)
You are immune to poison.
You resist negative energy. (rN+)
You are resistant to electric shocks. (rElec)
You are resistant to unholy torment.
You are immune to petrification.


   Skills:
 - Level 4.3 Fighting
 - Level 7.0 Ranged Weapons
 + Level 1.6 Dodging
 - Level 1.1 Stealth


You had 5 spell levels left.
You didn't know any spells.
Your spell library was empty.

Inventory:

Hand Weapons
 Y - a +0 shortbow (weapon)
Armour
 j - a +0 troll leather armour (worn)
Jewellery
 a - a ring of positive energy (left hand)
 b - an amulet of guardian spirit (around neck)
Scrolls
 d - a scroll of identify
Potions
 c - a potion of haste {unknown}
 e - a potion of might {unknown}
 h - 2 potions of curing
 i - a potion of berserk rage {unknown}

Dungeon Overview and Level Annotations

Branches:
Dungeon (7/15)
 Temple: D:4-7

Altars:
Qazlal

Annotations:
D:2 1 runed translucent door, Crazy Yiuf


Message History

HP restored.
What level of the Dungeon? (default 6, ? - help)
A white imp comes into view.
You shoot an arrow.
The arrow completely misses the white imp.
The white imp shouts, "Turn tail, thou gleeking shard-borne lewdster!"
The white imp gestures at you. The puff of frost hits you!
You shoot an arrow. The arrow hits the white imp.
The white imp is moderately wounded.
You shoot an arrow. The arrow hits the white imp!
You kill the white imp!
You start resting.
HP restored.
What level of the Dungeon? (default 5, ? - help)
There is a stone staircase leading up here.
You climb upwards.
Found 19 gold pieces.
There is a stone staircase leading down here.
An ogre is nearby!
Waypoint 6 assigned to D:5.
You shoot an arrow. The arrow hits the ogre!
The ogre is moderately wounded.
You shoot an arrow. The arrow hits the ogre.
The ogre is heavily wounded.
The ogre hits you with a +0 giant club!
You shoot an arrow.
The arrow hits the ogre but does no damage.
The ogre is heavily wounded.
You shoot an arrow. The arrow hits the ogre.
The ogre is heavily wounded.
The ogre barely misses you.
You shoot an arrow. The arrow hits the ogre.
The ogre is severely wounded.
The ogre hits you with a +0 giant club!!
Ouch! That really hurt!
You shoot an arrow. The arrow hits the ogre.
The ogre is almost dead.
The ogre hits you with a +0 giant club!!
Ouch! That really hurt!
You die...

#..$.
#.... ....
# ... .# #
.. .#
#.##.## .#
#.....#..#
#...O@..#
###.#.#.#
# #.# #
..# .## #.
##


You could see an ogre.

Vanquished Creatures
  An ogre (D:7)
  A bullfrog (D:7)
  A scorpion (D:4)
  An iguana (D:6)
  5 adders
  2 gnolls (D:1)
  A white imp (D:6)
  An adder zombie (D:2)
  3 adder skeletons (D:2)
  A worm (D:2)
  3 dart slugs
  An orc (D:3)
  6 bats
  2 bat zombies (D:2)
  7 endoplasms
  2 giant cockroaches (D:3)
  3 goblins (D:2)
  4 hobgoblins
  11 jackals
  A kobold (D:1)
  4 quokkas
  A ball python (D:3)
  A ball python skeleton (D:2)
  A frilled lizard (D:2)
  A giant cockroach zombie (D:2)
  A jackal skeleton (D:2)
  A quokka skeleton (D:2)
  A quokka zombie (D:2)
  2 rats
70 creatures vanquished.

Notes
Turn   | Place    | Note
-------+----------+-------------------------------------------
     0 | D:1      | qw the Gargoyle Hunter began the quest for the Orb.
     0 | D:1      | Reached XP level 1. HP: 12/12 MP: 1/1
     0 | D:1      | 0 ||| qw: Version: 0.3-a-83-gcd0e7d8
     0 | D:1      | 0 ||| qw: Game counter: 1712
     0 | D:1      | 0 ||| qw: Melee chars always use a shield: true
     0 | D:1      | 0 ||| qw: God list: Okawaru
     0 | D:1      | 0 ||| qw: Allow faded altars: false
     0 | D:1      | 0 ||| qw: Do Orc after clearing Dungeon:15 true
     0 | D:1      | 0 ||| qw: Do second Lair branch before Depths: true
     0 | D:1      | 0 ||| qw: Lair rune preference: random
     0 | D:1      | 0 ||| qw: Goals: Normal
     0 | D:1      | 0 ||| PLANNING D:1-11
    36 | D:1      | Reached XP level 2. HP: 17/17 MP: 2/2
   251 | D:1      | Found a faded altar of an unknown god.
   264 | D:1      | Reached XP level 3. HP: 16/21 MP: 3/3
   286 | D:1      | Reached skill level 5 in Ranged Weapons
   630 | D:1      | 630 ||| UPGRADING to +0 ring mail.
   640 | D:1      | 640 ||| DROPPING +0 leather armour.
   641 | D:1      | 641 ||| UPGRADING to +0 troll leather armour.
   651 | D:1      | 651 ||| DROPPING +0 ring mail.
   652 | D:1      | 652 ||| READING scroll labelled ZEAQAURAAN.
   653 | D:1      | 653 ||| READING scroll labelled CEOB MEBUET.
   654 | D:1      | 654 ||| READING scroll labelled GATIUS EMPAI.
   655 | D:1      | 655 ||| DRINKING 2 white potions.
   656 | D:1      | 656 ||| DROPPING scroll of butterflies.
   725 | D:2      | Found a runed translucent door.
   726 | D:2      | Noticed Crazy Yiuf
   836 | D:2      | Found a stormy altar of Qazlal.
   934 | D:2      | Reached skill level 3 in Fighting
   964 | D:2      | Reached XP level 4. HP: 26/28 MP: 4/4
  1476 | D:2      | 1476 ||| UPGRADING to amulet of guardian spirit.
  1481 | D:2      | 1481 ||| READING scroll labelled REKHLO ER COUN.
  1598 | D:3      | Reached XP level 5. HP: 31/32 MP: 5/5
  1753 | D:3      | Reached skill level 6 in Ranged Weapons
  2308 | D:3      | 2308 ||| UPGRADING to ring of positive energy.
  2309 | D:3      | 2309 ||| READING scroll labelled FEOQOR ADAUNNU.
  2321 | D:3      | 2321 ||| DRINKING 2 dark potions.
  2451 | D:4      | You fall into a shaft and drop 3 floors!
  2463 | D:7      | Noticed an ogre
  2473 | D:7      | HP: 5/34 [ogre/+0 giant club (17)]
  2474 | D:7      | 2474 ||| DRINKING potion of heal wounds.
  2476 | D:7      | Killed an ogre
  2477 | D:7      | Reached XP level 6. HP: 8/39 MP: 0/6
  2666 | D:6      | Reached skill level 7 in Ranged Weapons
  2691 | D:5      | Entered Level 5 of the Dungeon
  2696 | D:5      | HP: 3/39 [ogre/+0 giant club (24)]
  2697 | D:5      | Demolished by an ogre

Levels and vault maps discovered:
D:1:      dpeg_arrival_windows_large_door, layout_loops_ring,
          ebering_ecumenical_altar_petrified
D:2:      layout_loops_ring, serial_undead, serial_undead_d, serial_undead_a,
          serial_undead_f, serial_undead_e, serial_undead_c, serial_undead_a,
          serial_undead_e, basic_altar, uniq_crazy_yiuf_cottage
D:3:      layout_loops_corners
D:4:      layout_basic, minmay_misc_feat_doors, kennysheep_dice, uniq_grinder
D:5:      layout_basic, nicolae_ru_sacrificial_ziggurat
D:6:      layout_loops_corners, nicolae_dithmenos_the_darkroom,
          lightli_temple_of_fire, lemuel_doored_altar,
          minmay_temple_entry_sparse_star, roderic_serpentine_path,
          hellmonk_no_cap, uniq_blork_the_orc
D:7:      layout_loops_ring, mainiacjoe_overflow_small_starburst

Skill      XL: |  1  2  3  4  5  6 |
---------------+-------------------+-----
Ranged Weapons | 5 6 7 |  7.0
Fighting       | 3 4 |  4.3
Dodging        | |  1.6
Stealth        | |  1.1

Action                     |  1- 3 |  4- 6 || total
---------------------------+-------+-------++-------
   Fire: Shortbow          |   105 |   188 ||   293
    Use: Scroll            |     3 |     2 ||     5
         Potion            |     1 |     2 ||     3
 Armour: Leather armour    |    13 |       ||    13
         Troll leather arm |    20 |    96 ||   116
  Dodge: Dodged            |    31 |    78 ||   109

Table legend:
 A = Non-vault XP
 B = Vault XP
 C = Vault XP percentage of total XP
 D = Non-vault monster count
 E = Vault monster count
 F = Vault count percentage of total count
                 A         B        C        D         E       F
            +---------+---------+-------+---------+---------+-------
      Total |     533 |      30 |   5.3 |      59 |      11 |  15.7
            +---------+---------+-------+---------+---------+-------
        D:1 |      47 |       0 |   0.0 |      12 |       0 |   0.0
        D:2 |      59 |      30 |  33.7 |      22 |      11 |  33.3
        D:3 |      85 |       0 |   0.0 |      20 |       0 |   0.0
        D:4 |      83 |       0 |   0.0 |       1 |       0 |   0.0
        D:6 |      50 |       0 |   0.0 |       2 |       0 |   0.0
        D:7 |     209 |       0 |   0.0 |       2 |       0 |   0.0
            +---------+---------+-------+---------+---------+-------
